 Dungeon Crawl Stone Soup version 0.18.1-47-g9310371 (webtiles) character file.

124 dvd the Insei (level 4, 0/35 HPs)
             Began as a Demigod Transmuter on June 22, 2016.
             Slain by an orc
             ... wielding a cursed +0 hand axe
              (4 damage)
             ... on level 3 of the Dungeon.
             The game lasted 00:08:04 (3598 turns).

dvd the Insei (Demigod Transmuter)                  Turns: 3598, Time: 00:08:04

Health: 0/35       AC:  2    Str: 13    XL:     4   Next: 52%
Magic:  7/10       EV: 21    Int: 19    God:
Gold:   134        SH:  0    Dex: 21    Spells: 2 memorised, 3 levels left

rFire  . . .     SeeInvis .       - Unarmed
rCold  . . .     Gourm    .     (armour currently unavailable)
rNeg   . . .     Faith    .     (shield currently unavailable)
rPois  x         Spirit   .     (helmet currently unavailable)
rElec  .         Dismiss  .     (cloak currently unavailable)
rCorr  .         Reflect  .     (gloves currently unavailable)
SustAt +         Harm     .     (boots currently unavailable)
MR     +....                    (no amulet)
Stlth  ++........               (no ring)
                                p - ring of protection from magic

@: spider-form (expiring), very slightly contaminated, invisible, somewhat
resistant to hostile enchantments, unstealthy
A: high mp 1, sustain attributes
a: End Transformation


You were on level 3 of the Dungeon.
You were hungry.
You were a venomous arachnid creature.
You visited 1 branch of the dungeon, and saw 3 of its levels.

You collected 134 gold pieces.

Inventory:

Hand Weapons
 b - a +4 dagger of speed (melded)
 e - a cursed +0 hunting sling
Missiles
 a - 79 arrows
 h - 10 tomahawks (quivered)
Armour
 l - a +2 robe of magic resistance (melded)
Jewellery
 p - a ring of protection from magic (left front leg)
Scrolls
 f - 4 scrolls of identify {unknown}
 g - 3 scrolls of enchant armour {unknown}
 m - a scroll of teleportation {unknown}
 n - a scroll of amnesia {unknown}
 o - a scroll of enchant weapon {unknown}
 q - a scroll of immolation {unknown}
 t - a scroll of fear {unknown}
Books
 c - a book of Changes

   Spells                             Type                      Level
   a - Beastly Appendage              Transmutation                1
   b - Sticks to Snakes               Transmutation                2
   c - Spider Form                    Transmutation/Poison         3
   d - Ice Form                       Ice/Transmutation            4
   e - Blade Hands                    Transmutation                5
Comestibles
 d - 3 bread rations
 i - a slice of pizza
 j - a meat ration
 r - 3 fruits
 s - 3 chunks of flesh


   Skills:
 + Level 1.1 Fighting
 + Level 2.5 Dodging
 + Level 1.0 Stealth
 + Level 3.3 Unarmed Combat
 + Level 2.3 Spellcasting
 + Level 2.5 Transmutations
 + Level 0.5 Poison Magic


You had 3 spell levels left.
You knew the following spells:

 Your Spells              Type           Power        Failure   Level  Hunger
a - Beastly Appendage     Trmt           ##....       21%         1    #......
b - Spider Form           Trmt/Pois      #.........   50%         3    ###....


Dungeon Overview and Level Annotations

Branches:
Dungeon (3/15)


Innate Abilities, Weirdness & Mutations

You have an increased reservoir of magic (+10% MP).
Your attributes are resistant to harm.


Message History

The orc misses you.
You closely miss the orc.
The orc is lightly wounded.
The orc priest mumbles some strange prayers to Beogh against you.
Beogh smites you!
* * * LOW HITPOINT WARNING * * *
The orc closely misses you.
You hear a shout!
Drink which item? (? for menu, Esc to quit)
It was a potion of invisibility.
You fade into invisibility!
The orc hits you with a hand axe.
* * * LOW HITPOINT WARNING * * *
You are very lightly contaminated with residual magic.
Unknown command.
You hit the orc.
The orc is poisoned.
The orc is almost dead.
Your transformation is almost over.
The orc hits you with a hand axe.
You die...

#....#.#.#.#.#.#.#
#....##.#.#.#.#.#.
#....#.#.#.#.#.#.#
#....##.#.#.#.#.#. #########
#....#.#.#.#.#.#.# .......$#
#....##.#.#.#.#.#.
........###....#.#.#.#.#.#.#
........oro)...'#.#.#.#.#.#.
........###s...#.#.#.#.#.#.#
...o....# #....########.####
........# #############..#
........# ...........###
........# ............##
........# ............##
....)...# .............#
...........#.#
...........#..


You could see an orc priest, an orc (wandering) and a rat.

Vanquished Creatures
  Jessica (D:2)
  A gnoll (D:2)
  2 adders
  An ooze (D:2)
  A worm (D:3)
  4 giant geckos
  3 orcs (D:3)
  A giant cockroach (D:2)
  3 goblins (D:1)
  6 hobgoblins
  6 jackals
  A quokka (D:2)
  4 bats
  5 giant newts
  10 kobolds
  9 rats
58 creatures vanquished.

Notes
Turn   | Place    | Note
--------------------------------------------------------------
     0 | D:1      | dvd the Demigod Transmuter began the quest for the Orb.
     0 | D:1      | Reached XP level 1. HP: 15/15 MP: 5/5
   521 | D:1      | Reached XP level 2. HP: 5/22 MP: 4/7
   799 | D:1      | Reached skill level 3 in Unarmed Combat
  1693 | D:2      | Reached skill level 1 in Fighting
  1756 | D:2      | Reached XP level 3. HP: 24/28 MP: 6/8
  1764 | D:2      | Learned a level 3 spell: Spider Form
  2069 | D:2      | Found a sparkling altar of Nemelex Xobeh.
  2072 | D:2      | Noticed Jessica
  2081 | D:2      | Killed Jessica
  2176 | D:2      | Found an oddly glowing altar of Pakellas.
  2393 | D:2      | Reached XP level 4. HP: 29/35 MP: 6/10
  2852 | D:2      | Found a glowing golden altar of the Shining One.
  3053 | D:3      | Found a burning altar of Makhleb.
  3055 | D:3      | Found a glowing silver altar of Zin.
  3056 | D:3      | Noticed a blizzard demon
  3056 | D:3      | Noticed an angel
  3159 | D:3      | Reached skill level 1 in Stealth
  3598 | D:3      | Slain by an orc

Skill      XL: |  1  2  3  4 |
---------------+-------------+-----
Transmutations | 2 |  2.5
Dodging        | 2 |  2.5
Unarmed Combat | 3 |  3.3
Spellcasting   | 2 |  2.3
Fighting       | 1 |  1.1
Stealth        | 1 |  1.0
Poison Magic   | |  0.5

Action                   |  1- 3 |  4- 6 || total
-------------------------+-------+-------++-------
Melee: Unarmed           |   111 |    29 ||   140
       Headbutt          |    13 |       ||    13
       Club              |     5 |       ||     5
       Kick              |    11 |       ||    11
       Dagger            |     7 |    14 ||    21
       Punch             |     1 |       ||     1
 Cast: Beastly Appendage |    27 |       ||    27
       Spider Form       |     3 |     6 ||     9
  Use: Potion            |       |     1 ||     1
 Stab: Sleeping          |     2 |     3 ||     5
  Eat: Chunk             |     6 |     4 ||    10
Armor: Robe              |    15 |     1 ||    16
Dodge: Dodged            |    77 |    34 ||   111
